 Dungeon Crawl Stone Soup version 0.17-a0-2198-g482c6e3 (webtiles) character file.

8008 Xuu the Covert (level 11, -6/64 HPs)
             Began as a Halfling Hunter on Oct 25, 2015.
             Was a High Priest of Okawaru.
             Hit by a tomahawk thrown by Nohe (17 damage)
             ... created by the player character
             ... on level 10 of the Dungeon on Oct 26, 2015.
             The game lasted 01:25:52 (11828 turns).

Xuu the Covert (Halfling Hunter)                   Turns: 11828, Time: 01:25:52

Health: -6/64      AC:  8    Str: 15    XL:     11   Next: 47%
Magic:  1/14       EV: 23    Int: 12    God:    Okawaru [*****.]
Gold:   203        SH:  0    Dex: 19    Spells: 1 memorised, 11 levels left

rFire  + . .     SeeInvis .     v - +4 rapier
rCold  . . .     Clarity  .     S - +3 robe "Tif Zytot" {Str+3 Int+2}
rNeg   + . .     SustAt   .     (shield restricted)
rPois  .         Gourm    .     t - +1 helmet
rElec  .         Spirit   .     (no cloak)
rCorr  .         Warding  .     R - +0 pair of gloves
rMut   .         Stasis   .     (no boots)
MR     .....                    l - amulet of faith
Stlth  ++++++++..               G - ring of protection from fire
                                x - ring of positive energy

@: heroism, very slightly contaminated, not resistant to hostile enchantments,
extraordinarily stealthy
A: mutation resistance 1, MP-powered wands
a: Heroism, Finesse, Renounce Religion


You were on level 10 of the Dungeon.
You worshipped Okawaru.
Okawaru was extremely pleased with you.
You were hungry.

You visited 2 branches of the dungeon, and saw 11 of its levels.
You also visited: Sewer.

You collected 646 gold pieces.
You spent 443 gold pieces at shops.

Inventory:

Hand Weapons
 a - a +7 hunting sling of evasion
 v - a +4 rapier (weapon)
 C - a +0 blowgun
Missiles
 b - 68 sling bullets
 d - 18 steel sling bullets
 i - 187 stones (quivered)
 n - 14 sling bullets of frost
 p - 7 poisoned sling bullets
 r - 43 poisoned needles
 B - 7 curare-tipped needles
 T - 8 exploding sling bullets
 Z - 3 needles of confusion
Armour
 t - a +1 helmet (worn)
 y - a +4 chain mail of poison resistance
 M - a +2 leather armour of cold resistance
 Q - a +2 robe of the Archmagi
 R - a +0 pair of gloves (worn)
 S - the +3 robe "Tif Zytot" (worn) {Str+3 Int+2}
   (You bought it in a shop on level 5 of the Dungeon)

   It affects your strength (+3).
   It affects your intelligence (+2).
Jewellery
 l - an amulet of faith (around neck)
 s - a +2 ring of protection
 x - a ring of positive energy (left hand)
 G - a ring of protection from fire (right hand)
Wands
 K - a wand of digging (10)
 N - a wand of lightning (5)
 U - a wand of paralysis (10)
 X - a wand of digging (5)
 Y - a wand of teleportation (1)
Scrolls
 c - 5 scrolls of teleportation
 f - a scroll of magic mapping
 g - 5 scrolls of remove curse
 o - 5 scrolls of fog
 q - a scroll of identify
 z - 5 scrolls of recharging
 E - a scroll of blinking
 J - a scroll of enchant armour
Potions
 h - a potion of resistance
 k - 2 potions of haste
 m - a potion of flight
 D - 4 potions of curing
 F - 2 potions of magic
 H - 2 potions of brilliance
 I - a potion of might
 V - a potion of lignification
 W - 5 potions of invisibility
Miscellaneous
 L - a legendary deck of summoning
 O - a plain deck of changes {drawn: 2}
Comestibles
 e - 9 bread rations
 j - 23 fruits
 u - 2 beef jerkies
 A - 3 meat rations


   Skills:
 - Level 2.0(7.0) Fighting
 - Level 10.0(15.0) Short Blades
 - Level 12.0(17.0) Slings
 - Level 5.0(10.0) Dodging
 + Level 12.3(17.3) Stealth
 - Level 2.0 Spellcasting
 - Level 5.0 Hexes
 - Level 2.0 Invocations


You had 11 spell levels left.
You knew the following spells:

 Your Spells              Type           Power        Failure   Level  Hunger
b - Confuse               Hex            ##......     12%         3    ####...


Dungeon Overview and Level Annotations

Branches:
Dungeon (10/15)            Temple (1/1) D:5
   Lair: D:8-11         Orc: D:9-12

Altars:
Ashenzari
Cheibriados
Dithmenos
Elyvilon
Fedhas
Gozag
Kikubaaqudgha
Makhleb
Nemelex Xobeh
Okawaru
Qazlal
Ru
Sif Muna
Trog
Vehumet
Xom
Yredelemnul
Zin
The Shining One

Shops:
D:5 [   D:7 *


Innate Abilities, Weirdness & Mutations

You are small and have problems with some larger weapons.
You are somewhat resistant to further mutation.
You expend magic power (3 MP) to strengthen your wands.


Message History

The two-headed ogre easily resists.
* * * LOW MAGIC WARNING * * *
You are feeling hungry.
The two-headed ogre hits you with a giant spiked club!!
* * * LOW HITPOINT WARNING * * *
The two-headed ogre closely misses you.
Evoke which item? (* to show all) (? for menu, Esc to quit)
You draw a card...
It is the Mercenary.
This is a plain deck of changes {drawn: 2}.
You cannot afford Nohe's fee of 270 gold!
Nohe attacks!
Nohe the merfolk comes into view. It is wielding a trident of venom.
Read which item? (? for menu, Esc to quit)
Okay, then.
Evoke which item? (* to show all) (? for menu, Esc to quit)
Okay, then.
Nohe hits you with a trident of venom.
* * * LOW HITPOINT WARNING * * *
Nohe throws a tomahawk.
The tomahawk hits you!
You die...

#.# #.##.# #.##.#
#.##.# #.##.######
### #.#.))....# .>#
#.#..# #.# #.#..#
#!####+###@#O.#
#............m# .
#.........#...#
..#####.........#...#
..#..<.....#+##.#...#
..#.......(#.##.#...#
...........#.##.#...#
...........#.##.#...#
...........#.##.#...#


You could see Nohe the merfolk.

Vanquished Creatures
  A centaur warrior (D:10)
  Pikel (D:8)
  Joseph (D:9)
  Prince Ribbit (D:7)
  A two-headed ogre (D:8)
  A wyvern (D:9)
  A spriggan (D:7)
  2 hippogriffs
  Menkaure (D:6)
  An eye of draining (D:9)
  A water moccasin (D:6)
  Purgy (Sewer)
  7 orc warriors
  A black bear (D:6)
  3 phantoms
  An ice beast (D:9)
  2 sky beasts
  3 ogres
  4 centaurs
  A necrophage (D:8)
  Blork the orc (D:4)
  2 wyvern zombies
  A gnoll sergeant (D:8)
  6 giant frogs
  4 scorpions
  6 killer bees
  4 crimson imps
  8 wights
  2 quasits (D:8)
  5 orc priests
  A spectral centaur (D:9)
  6 hounds
  A wasp zombie (D:8)
  A centaur zombie (D:8)
  3 giant frog zombies
  6 orc wizards
  2 centaur skeletons
  4 giant frog skeletons
  4 jellies
  Jessica (D:3)
  2 iguanas
  Natasha (thrice) (D:2)
  4 worker ants
  4 hound skeletons
  12 adders
  16 gnolls
  A river rat (D:4)
  3 shadow imps
  4 adder zombies
  4 oozes
  An adder skeleton (D:4)
  5 giant geckos
  27 orcs
  6 giant cockroaches
  12 goblins
  7 hobgoblins
  10 jackals
  11 kobolds
  5 quokkas
  6 ball pythons
  A ball python skeleton (D:3)
  8 bats
  A giant cockroach zombie (D:5)
  A giant gecko skeleton (D:7)
  12 giant newts
  A jackal zombie (D:4)
  2 quokka skeletons
  12 rats
  A spectral orc (D:6)
285 creatures vanquished.

Vanquished Creatures (others)
  A centaur (D:8)
1 creature vanquished.

Grand Total: 286 creatures vanquished

Notes
Turn   | Place    | Note
--------------------------------------------------------------
     0 | D:1      | Xuu the Halfling Hunter began the quest for the Orb.
     0 | D:1      | Reached XP level 1. HP: 14/14 MP: 1/1
    94 | D:1      | Reached skill level 6 in Slings
    94 | D:1      | Reached XP level 2. HP: 19/19 MP: 2/2
   556 | D:1      | Reached XP level 3. HP: 24/24 MP: 3/3
  1161 | D:2      | Noticed Natasha
  1164 | D:2      | Killed Natasha
  1164 | D:2      | Reached skill level 7 in Slings
  1164 | D:2      | Reached XP level 4. HP: 29/29 MP: 4/4
  1231 | D:2      | Noticed Natasha
  1244 | D:2      | Killed Natasha
  1496 | D:2      | Noticed Natasha
  1499 | D:2      | Killed Natasha
  1510 | D:2      | Reached XP level 5. HP: 22/34 MP: 5/5
  2088 | D:3      | Reached skill level 8 in Slings
  2324 | D:3      | Noticed Jessica
  2333 | D:3      | Killed Jessica
  2343 | D:3      | Reached XP level 6. HP: 39/39 MP: 6/6
  2885 | D:3      | Found a snail-covered altar of Cheibriados.
  3090 | D:4      | Reached skill level 9 in Slings
  3122 | D:4      | Found a glowing drain.
  3231 | Sewer    | Entered a sewer
  3300 | Sewer    | Noticed Purgy
  3323 | Sewer    | Killed Purgy
  3323 | Sewer    | Reached skill level 1 in Short Blades
  3323 | Sewer    | Reached skill level 10 in Slings
  3323 | Sewer    | Reached XP level 7. HP: 9/45 MP: 7/7
  3772 | D:4      | Noticed Blork the orc
  3792 | D:4      | Killed Blork the orc
  4858 | D:5      | Entered Level 5 of the Dungeon
  4931 | D:5      | Found a sparkling altar of Nemelex Xobeh.
  4944 | D:5      | Reached XP level 8. HP: 33/50 MP: 8/8
  4961 | D:5      | Reached skill level 11 in Slings
  5020 | D:5      | Gained mutation: You expend magic power (3 MP) to strengthen your wands. [mutagenic meat]
  5026 | D:5      | Found Tiubof's Antique Armour Emporium.
  5057 | D:5      | Bought an embroidered robe for 15 gold pieces
  5057 | D:5      | Bought a pair of gloves for 99 gold pieces
  5057 | D:5      | Bought a warped robe for 125 gold pieces
  5082 | D:5      | Identified the +3 robe "Tif Zytot" {Str+3 Int+2} (You bought it in a shop on level 5 of the Dungeon)
  5298 | D:5      | Reached skill level 5 in Short Blades
  5518 | D:5      | Found a staircase to the Ecumenical Temple.
  5532 | Temple   | Entered the Ecumenical Temple
  5572 | Temple   | Became a worshipper of Warmaster Okawaru
  5811 | D:5      | Found a stormy altar of Qazlal.
  5813 | D:5      | Noticed an air elemental
  5814 | D:5      | Noticed a fire elemental
  5814 | D:5      | Noticed a water elemental
  5884 | D:5      | Reached skill level 12 in Slings
  6119 | D:6      | Reached XP level 9. HP: 35/54 MP: 9/9
  6142 | D:6      | Reached * piety under Okawaru
  6206 | D:6      | Found a shimmering altar of Xom.
  6502 | D:6      | Learned a level 2 spell: Confusing Touch
  6516 | D:6      | Found a basalt altar of Yredelemnul.
  6602 | D:6      | Reached skill level 1 in Hexes
  6914 | D:6      | Reached skill level 5 in Stealth
  7094 | D:6      | Noticed Menkaure
  7096 | D:6      | Reached skill level 1 in Spellcasting
  7111 | D:6      | Killed Menkaure
  7252 | D:6      | Learned a level 3 spell: Confuse
  7315 | D:6      | Found a burning altar of Makhleb.
  7315 | D:6      | Found a radiant altar of Vehumet.
  7447 | D:7      | Found Figomias's General Store.
  7447 | D:7      | Noticed Prince Ribbit
  7499 | D:7      | Killed Prince Ribbit
  7499 | D:7      | Reached ** piety under Okawaru
  7584 | D:7      | Bought a potion of lignification for 36 gold pieces
  7584 | D:7      | Bought 28 sling bullets for 168 gold pieces
  7699 | D:6      | Reached XP level 10. HP: 31/60 MP: 13/13
  8210 | D:7      | Reached skill level 1 in Invocations
  8278 | D:7      | Reached skill level 10 in Short Blades
  8465 | D:7      | Reached *** piety under Okawaru
  8897 | D:8      | Reached skill level 5 in Hexes
  9047 | D:8      | Noticed Pikel
  9184 | D:8      | Killed Pikel
  9184 | D:8      | Received a gift from Okawaru
  9191 | D:8      | Reached skill level 5 in Dodging
  9706 | D:8      | Reached **** piety under Okawaru
 10652 | D:9      | Reached XP level 11. HP: 56/64 MP: 14/14
 10796 | D:9      | Noticed Joseph
 10801 | D:9      | Killed Joseph
 10801 | D:9      | Received a gift from Okawaru
 10801 | D:9      | Reached skill level 10 in Stealth
 10889 | D:9      | Found a shattered altar of Ashenzari.
 11447 | D:9      | Reached ***** piety under Okawaru
 11456 | D:9      | Received a gift from Okawaru
 11595 | D:10     | Entered Level 10 of the Dungeon
 11624 | D:10     | Noticed a centaur warrior
 11629 | D:10     | Killed a centaur warrior
 11662 | D:10     | Found a shadowy altar of Dithmenos.
 11730 | D:10     | Received a gift from Okawaru
 11828 | D:10     | Hit by a tomahawk thrown by Nohe

Vault maps used:
D:1:      minmay_arrival_stair_chambers, minmay_crystal_room
D:2:      uniq_natasha
D:3:      lemuel_doored_altar, st_stairs_9, amethyst_killhole,
          minmay_stone_trees_medium, uniq_jessica
D:4:      portal_sewer_entry_c, uniq_blork_the_orc
D:5:      nemelex_deck, nicolae_qazlal_style_of_elements, first_bread,
          serial_shops, nicolae_shop_stone, minmay_misc_feat_chi
D:6:      yredelemnul_forgotten_temple_becter,
          grunt_temple_overflow_lords_of_destruction, basic_altar, uniq_menkaure
D:7:      serial_shops, shop, grunt_ministairs_10, the_bakery, bh_chokoban,
          uniq_prince_ribbit1
D:8:      uniq_pikel
D:9:      lemuel_round_altar, hangedman_weighted_door,
          kennysheep_generic_room_15, uniq_joseph
D:10:     grunt_dithmenos_smoke_and_mirrors
Temple:   circular_temple_12
Sewer:    sewer_co_purgy_island

Action                   |  1- 3 |  4- 6 |  7- 9 | 10-12 || total
-------------------------+-------+-------+-------+-------++-------
Melee: Rapier            |       |    19 |    19 |   256 ||   294
       Dagger            |       |       |    85 |    28 ||   113
 Fire: Hunting sling     |    86 |   275 |   488 |   278 ||  1127
       Blowgun           |       |     7 |    29 |    11 ||    47
 Cast: Confuse           |       |       |       |    15 ||    15
       Confusing Touch   |       |       |       |     1 ||     1
Invok: Heroism           |       |       |     1 |     2 ||     3
Evoke: Deck              |       |       |     1 |     1 ||     2
  Use: Potion            |       |       |     2 |     3 ||     5
       Scroll            |       |       |     8 |    22 ||    30
 Stab: Sleeping          |       |       |     2 |    17 ||    19
       Confused          |       |       |       |     5 ||     5
       Distracted        |       |       |       |     1 ||     1
  Eat: Chunk             |     1 |     6 |    17 |    13 ||    37
       Pizza             |       |       |       |     1 ||     1
